 Dungeon Crawl Stone Soup version 0.22.1-6-g1668fe2c40 (webtiles) character file.

41600 Kohma the Blocker (level 14, -6/98 HPs)
             Began as a Merfolk Skald on Jan 19, 2019.
             Was the Champion of Okawaru.
             Mangled by a phantasmal warrior (29 damage)
             ... led by a death knight
             ... on level 9 of the Dungeon.
             The game lasted 01:11:58 (14940 turns).

Kohma the Blocker (Merfolk Skald)                  Turns: 14940, Time: 01:11:59

Health: -6/98      AC: 15    Str: 15    XL:     14   Next: 16%
Magic:  14/22      EV: 14    Int: 13    God:    Okawaru [******]
Gold:   963        SH: 13    Dex: 14    Spells: 13/24 levels left

rFire    . . .     SeeInvis .   a - +2 spear (venom)
rCold    + . .     Gourm    .   m - +0 shield
rNeg     . . .     Faith    .   o - +2 scale mail {MR+}
rPois    +         Spirit   .   q - +2 helmet
rElec    .         Reflect  .   t - +1 cloak {rPois}
rCorr    .         Harm     .   x - +0 pair of gloves
MR       +....                  (no boots)
Stlth    ..........             (no amulet)
HPRegen  0.26/turn              b - +1 ring of protection
MPRegen  0.18/turn              v - ring of protection from cold

@: vulnerable, infused, studying Long Blades
A: change form in water, swift swim, stealthy swim
a: Heroism, Finesse, Renounce Religion


You were on level 9 of the Dungeon.
You worshipped Okawaru.
Okawaru was exalted by your worship.
You were not hungry.

You visited 2 branches of the dungeon, and saw 12 of its levels.
You also visited: Bailey.

You collected 963 gold pieces.

Inventory:

Hand Weapons
 a - a +2 spear of venom (weapon)
 j - a +0 halberd of venom
 B - a +3 dagger of pain
 N - a +2 dagger of holy wrath
Missiles
 e - 218 stones
 p - 13 tomahawks
 w - 47 tomahawks of returning (quivered)
 C - 2 throwing nets
Armour
 k - a scarf of resistance
 m - a +0 shield (worn)
 o - a +2 scale mail of magic resistance (worn)
 q - a +2 helmet (worn)
 t - a +1 cloak of poison resistance (worn)
 x - a +0 pair of gloves (worn)
 A - a +4 chain mail of magic resistance
Jewellery
 b - a +1 ring of protection (left hand)
 v - a ring of protection from cold (right hand)
 R - an uncursed ring of positive energy {unknown}
Wands
 z - a wand of flame (22)
 D - a wand of digging (4)
 L - a wand of random effects (14)
 P - a wand of iceblast (8)
Scrolls
 f - 4 scrolls of enchant armour
 g - 5 scrolls of fog
 h - 2 scrolls of immolation
 y - 3 scrolls of teleportation
 F - 3 scrolls of enchant weapon
 J - a scroll of fear {unknown}
 O - 2 scrolls of remove curse
 Q - 2 scrolls of identify
Potions
 c - 2 potions of ambrosia
 i - 3 potions of lignification
 l - 4 potions of mutation
 n - 2 potions of might
 r - 4 potions of agility
 s - 2 potions of haste
 u - a potion of brilliance {unknown}
 E - a potion of cancellation {unknown}
 H - 2 potions of curing
 I - 6 potions of flight
Books
 K - a manual of Long Blades
Comestibles
 d - 25 rations


   Skills:
 + Level 5.6 Fighting
 - Level 12.2 Polearms
 - Level 0.6 Armour
 - Level 10.5 Dodging
 * Level 13.2 Shields
 + Level 5.6 Spellcasting
 - Level 5.2 Hexes
 - Level 10.1 Charms
 + Level 4.4 Necromancy


You had 13 spell levels left.
You knew the following spells:

 Your Spells              Type           Power        Failure   Level  Hunger
a - Infusion              Chrm           ####         1%          1    None
b - Song of Slaying       Chrm           ####....     1%          2    ##.....
c - Spectral Weapon       Hex/Chrm       ###.....     12%         3    ###....
d - Regeneration          Chrm/Necr      ###.......   13%         3    ###....
e - Shroud of Golubria    Chrm/Tloc      ###.......   17%         2    ##.....

Your spell library contained the following spells:

 Spells                   Type           Power        Failure   Level  Hunger
 Corona                   Hex            ###....      11%         1    None
 Animate Skeleton         Necr           N/A          14%         1    None
 Pain                     Necr           ###.         14%         1    None
 Swiftness                Chrm/Air       ###.....     17%         2    ##.....
 Confuse                  Hex            ###.....     32%         3    ###....
 Tukima's Dance           Hex            ###.....     32%         3    ###....
 Vampiric Draining        Necr           ###.......   41%         3    ###....
 Ensorcelled Hibernation  Hex/Ice        ##....       43%         2    ##.....
 Shock                    Conj/Air       #...         65%         1    None
 Dazzling Spray           Conj/Hex       ##....       67%         3    ###....
 Animate Dead             Necr           N/A          82%         4    ####...
 Static Discharge         Conj/Air       #.......     95%         3    ###....
 Iskenderun's Battlesphe  Conj/Chrm      ###.....     97%         5    ######.
 Airstrike                Air            #.........   100%        4    ####...
 Bolt of Magma            Conj/Fire/Erth #.........   100%        5    ######.
 Lightning Bolt           Conj/Air       #.........   100%        5    ######.
 Venom Bolt               Conj/Pois      #.........   100%        5    ######.
 Iron Shot                Conj/Erth      #.........   100%        6    #######
 Orb of Destruction       Conj           #.........   100%        7    #######
 Spellforged Servitor     Conj/Summ      #.........   100%        7    #######


Dungeon Overview and Level Annotations

Branches:
Dungeon (11/15)            Temple (1/1) D:7            Lair (0/6) D:11
    Orc (0/2) D:11

Altars:
Ashenzari
Cheibriados
Dithmenos
Elyvilon
Fedhas
Gozag
Hepliaklqana
Kikubaaqudgha
Makhleb
Nemelex Xobeh
Okawaru
Qazlal
Ru
Sif Muna
Trog
Uskayaw
Vehumet
Wu Jian
Xom
Yredelemnul
Zin
The Shining One

Shops:
D:9 (=[

Annotations:
D:6 2 transporters, Honti's ghost, novice DDFi
D:10 exclusion: downstairs


Message History

You hit the phantasmal warrior but do no damage.
The phantasmal warrior is almost destroyed.
The phantasmal warrior barely misses you.
You completely miss the phantasmal warrior.
The phantasmal warrior is almost destroyed.
You hit the phantasmal warrior but do no damage.
The phantasmal warrior is almost destroyed.
The phantasmal warrior closely misses you.
You hit the phantasmal warrior but do no damage.
The phantasmal warrior is almost destroyed.
You hit the phantasmal warrior but do no damage.
The phantasmal warrior is almost destroyed.
The phantasmal warrior hits you!
* * * LOW HITPOINT WARNING * * *
You hit the phantasmal warrior but do no damage.
The phantasmal warrior is almost destroyed.
Casting: Spectral Weapon (safe; 12% risk of failure)
Confirm with . or Enter, or press ? or * to list all spells.
You draw out your weapon's spirit!
The phantasmal warrior hits you!!
You die...

#........## #.....# #..#...
#.###.....# #...### #..#.## #.#
#.....# ##.########..#..# ##.#
#.....# #...#............ ...#
##...## #...#.####.####.# ..##
##.#### #...#.####.###... ..#
#.....#####...#[##.......#.
..#####.....#..............###...
................@W......#..#.....
..##.##.....#.............##.##.#
..##.##.....#####.(.########.##.#
####.##.....# #...# #.##.#
#.##.#.########..# #.##.#
#......##.....#..# #.....
#.##[##.#.....#.## ####.#
####.##.##.#.....#<####### #..
..##.##....#.............# ###


You could see a phantasmal warrior and a friendly spectral spear of venom.

Vanquished Creatures
  An orc warlord (Bailey)
  Harold (D:8)
  2 two-headed ogres
  A tengu warrior (D:10)
  An orc knight (Bailey)
  Maurice (D:8)
  A cyclops (D:11)
  Joseph (D:8)
  A queen bee (D:9)
  A troll (D:10)
  2 hippogriffs (D:9)
  Sigmund (D:5)
  13 yaks
  3 hungry ghosts
  A steam dragon (D:3)
  A water moccasin (D:8)
  3 ice beasts
  4 orc warriors
  3 porcupines
  A sky beast (D:10)
  Duvessa (D:7)
  A hornet zombie (D:11)
  3 necrophages
  4 ogres
  A phantom (D:11)
  3 centaurs
  2 big kobolds
  4 crocodiles
  Blork the orc (D:5)
  3 bullfrogs
  A gnoll sergeant (D:10)
  A wyvern zombie (D:9)
  Dowan (D:7)
  6 scorpions
  28 killer bees
  6 wights
  2 howler monkeys
  4 crimson imps
  2 bullfrog zombies (D:7)
  A jelly (D:11)
  5 hounds
  A centaur skeleton (D:8)
  9 orc priests
  8 orc wizards
  2 bullfrog skeletons
  Jessica (D:2)
  7 iguanas
  Terence (D:2)
  14 worker ants
  2 hound skeletons
  Robin (D:2)
  9 gnolls
  10 adders
  2 shadow imps
  An ooze (D:3)
  An adder zombie (D:10)
  6 worms
  3 dart slugs
  A leopard gecko (D:3)
  40 orcs
  3 bats
  4 giant cockroaches
  24 goblins
  14 hobgoblins
  11 jackals
  2 quokkas
  2 frilled lizards (D:1)
  33 kobolds
  2 quokka zombies (D:8)
  5 rats
342 creatures vanquished.

Vanquished Creatures (others)
  An adder (D:3)
  A hobgoblin (D:3)
  3 jackals (D:3)
  A bat (D:3)
  3 bushes (D:11)
  2 fungi (D:11)
  5 plants (D:11)
  9 spectral weapons
25 creatures vanquished.

Grand Total: 367 creatures vanquished

Notes
Turn   | Place    | Note
-------+----------+-------------------------------------------
     0 | D:1      | Kohma the Merfolk Skald began the quest for the Orb.
     0 | D:1      | Reached XP level 1. HP: 16/16 MP: 3/3
   482 | D:1      | Reached XP level 2. HP: 22/22 MP: 1/5
   859 | D:1      | Reached XP level 3. HP: 21/27 MP: 3/6
   891 | D:1      | Learned a level 2 spell: Song of Slaying
  1446 | D:2      | Noticed Robin
  1465 | D:2      | Killed Robin
  1467 | D:2      | Reached XP level 4. HP: 15/33 MP: 0/7
  1472 | D:2      | Noticed Terence
  1479 | D:2      | Killed Terence
  1681 | D:2      | Noticed Jessica
  1708 | D:2      | Killed Jessica
  1720 | D:2      | Reached XP level 5. HP: 36/38 MP: 5/8
  2327 | D:3      | Reached skill level 5 in Polearms
  2335 | D:3      | Noticed a steam dragon
  2542 | D:3      | Killed a steam dragon
  2542 | D:3      | Reached skill level 5 in Charms
  2542 | D:3      | Reached XP level 6. HP: 20/44 MP: 4/10
  3340 | D:4      | Found a snail-covered altar of Cheibriados.
  3503 | D:4      | Reached XP level 7. HP: 43/50 MP: 6/12
  3626 | D:4      | Reached skill level 5 in Dodging
  3953 | D:5      | Entered Level 5 of the Dungeon
  4168 | D:5      | Noticed Sigmund
  4184 | D:5      | Killed Sigmund
  4184 | D:5      | Reached XP level 8. HP: 41/56 MP: 8/14
  4393 | D:5      | Got a glittering platinum amulet
  4509 | D:5      | Identified the amulet "Xuem" {+Rage rN+ Int-5 Dex+3} (You
                  | found it on level 5 of the Dungeon)
  4650 | D:5      | Noticed Blork the orc
  4669 | D:5      | Killed Blork the orc
  4840 | D:6      | Noticed a vampire
  4841 | D:6      | Found a transporter.
  4843 | D:6      | Found a transporter.
  4844 | D:6      | Noticed Honti's ghost (novice DDFi)
  5536 | D:7      | Reached XP level 9. HP: 60/61 MP: 0/16
  5593 | D:7      | Found a burning altar of Makhleb.
  5594 | D:7      | Noticed a cacodemon
  5599 | D:7      | Found a glowing silver altar of Zin.
  5600 | D:7      | Noticed an angel
  5656 | D:7      | Noticed Duvessa
  5662 | D:7      | Noticed Dowan
  5668 | D:7      | Reached skill level 5 in Spellcasting
  5678 | D:7      | Killed Duvessa
  6001 | D:7      | Found a staircase to the Ecumenical Temple.
  6032 | Temple   | Entered the Ecumenical Temple
  6109 | Temple   | Became a worshipper of Warmaster Okawaru
  6323 | D:7      | Killed Dowan
  6469 | D:7      | Found a blossoming altar of Fedhas.
  6629 | D:7      | Learned a level 3 spell: Spectral Weapon
  6633 | D:7      | Learned a level 3 spell: Regeneration
  6636 | D:7      | Learned a level 2 spell: Shroud of Golubria
  6863 | D:8      | Noticed Harold
  6894 | D:8      | Killed Harold
  6894 | D:8      | Reached * piety under Okawaru
  6894 | D:8      | Reached ** piety under Okawaru
  6894 | D:8      | Reached skill level 10 in Charms
  6894 | D:8      | Reached XP level 10. HP: 41/67 MP: 3/17
  7176 | D:8      | Reached skill level 10 in Polearms
  7509 | D:8      | Noticed Joseph
  7526 | D:8      | Killed Joseph
  7552 | D:8      | Paralysed by fainting for 11 turns
  7902 | D:8      | Noticed Maurice
  8014 | D:8      | Killed Maurice
  8014 | D:8      | Reached *** piety under Okawaru
  8621 | D:9      | Found a flagged portal.
  8698 | D:9      | Reached skill level 10 in Dodging
  8974 | D:9      | Found Conale Aroo's Antique Weapon Emporium.
  9031 | Bailey   | Entered a bailey
  9111 | Bailey   | Noticed an orc warlord
  9355 | Bailey   | Found a runed gate.
  9357 | Bailey   | Found a runed gate.
  9359 | Bailey   | Found a runed gate.
  9450 | Bailey   | Noticed an orc knight
  9479 | Bailey   | Killed an orc knight
  9479 | Bailey   | Reached **** piety under Okawaru
  9479 | Bailey   | Reached skill level 5 in Hexes
  9624 | Bailey   | Killed an orc warlord
  9624 | Bailey   | Reached ***** piety under Okawaru
  9624 | Bailey   | Reached skill level 2 in Shields
  9624 | Bailey   | Reached XP level 11. HP: 70/72 MP: 2/18
  9779 | D:9      | Found Feapnu's Jewellery Shoppe.
  9936 | D:9      | Reached skill level 3 in Shields
 10365 | D:9      | Noticed a two-headed ogre
 10377 | D:9      | Killed a two-headed ogre
 10377 | D:9      | Reached skill level 4 in Shields
 10667 | D:9      | Found Xopigasch's Antique Armour Shoppe.
 10988 | D:10     | Entered Level 10 of the Dungeon
 11091 | D:10     | Reached skill level 5 in Shields
 11348 | D:10     | Received a gift from Okawaru
 12131 | D:10     | Reached skill level 6 in Shields
 12228 | D:10     | Noticed a tengu warrior
 12252 | D:10     | Killed a tengu warrior
 12873 | D:11     | Found a staircase to the Lair.
 12877 | D:11     | Noticed a cyclops
 13148 | D:10     | Reached skill level 5 in Fighting
 13313 | D:10     | Reached XP level 12. HP: 48/86 MP: 19/19
 13714 | D:11     | Reached skill level 10 in Shields
 13714 | D:11     | Reached XP level 13. HP: 91/91 MP: 21/21
 13715 | D:11     | Reached skill level 13 in Shields
 13715 | D:11     | Reached XP level 14. HP: 98/98 MP: 22/22
 13748 | D:11     | Reached ****** piety under Okawaru
 13748 | D:11     | Received a gift from Okawaru
 13771 | D:11     | Found a staircase to the Orcish Mines.
 14302 | D:11     | HP: 2/98 [death knight/enchanted battleaxe (15)]
 14940 | D:9      | Mangled by a phantasmal warrior

Skill      XL: |  1  2  3  4  5  6  7  8  9 10 11 12 13 |
---------------+----------------------------------------+-----
Dodging        | 3 4 5 6 8 10 | 10.5
Polearms       | 4 5 6 8 9 12 | 12.2
Charms         | 4 5 6 8 10 | 10.1
Spellcasting   | 3 4 5 |  5.6
Hexes          | 2 5 |  5.2
Shields        | 2 6 10 13 | 13.2
Necromancy     | 2 4 |  4.4
Fighting       | 5 |  5.6
Armour         | |  0.6

Action                   |  1- 3 |  4- 6 |  7- 9 | 10-12 | 13-15 || total
-------------------------+-------+-------+-------+-------+-------++-------
Melee: Spear             |    98 |   179 |   351 |   801 |   125 ||  1554
Throw: Tomahawk          |       |       |       |    17 |       ||    17
 Cast: Infusion          |    10 |     6 |    13 |    21 |     4 ||    54
       Song of Slaying   |     2 |     3 |     4 |     1 |       ||    10
       Spectral Weapon   |       |       |       |    28 |     7 ||    35
       Regeneration      |       |       |       |     1 |       ||     1
  Use: Scroll            |       |     9 |     8 |     8 |     1 ||    26
       Potion            |       |       |     2 |     2 |     3 ||     7
 Stab: Distracted        |       |       |       |     8 |     1 ||     9
  Eat: Chunk             |     2 |     7 |    14 |    12 |     2 ||    37
       Ration            |       |       |       |     5 |     1 ||     6
Armor: Leather armour    |    19 |     1 |       |       |       ||    20
       Scale mail        |       |    68 |   107 |   227 |    14 ||   416
Dodge: Dodged            |    50 |    88 |   152 |   359 |    28 ||   677
Block: Shield            |       |       |       |       |    43 ||    43
